WCHLSIM.com - West Coast Hockey League
html PUBLIC "-//W3C//DTD XHTML 1.0 Transitional//EN" "http://www.w3.org/TR/xhtml1/DTD/xhtml1-transitional.dtd"> WCHL - Game 1123 - KELOWNA ROCKETS vs SAN JOSE BRONCOS

KELOWNA ROCKETS vs SAN JOSE BRONCOS

Created - 2 mai 2021 at 20:06

Goals
1 2 3 OT1 T
KELOWNA ROCKETS 0 0 1 0 1
SAN JOSE BRONCOS 1 0 0 1 2
Shots
1 2 3 OT1 T
KELOWNA ROCKETS 6 12 7 0 25
SAN JOSE BRONCOS 13 5 16 1 35

1st period

1. SAN JOSE BRONCOS , Jaccob Slavin 5 (Brayden Point 46, Neal Pionk 16) at 0:27

Penalties :
Anthony Cirelli (KEL) for Tripping (Minor) at 4:09

2nd period

No Goal

Penalties :
Dmitri Orlov (KEL) for Hooking (Minor) at 5:16, Neal Pionk (SJO) for Hooking (Minor) at 19:48

3rd period

2. KELOWNA ROCKETS , Ilya Kovalchuk 13 (Alexander Ovechkin 39, Kristopher Letang 31) at 19:19

Penalties :
Ilya Kovalchuk (KEL) for High sticking (Minor) at 7:23

Overtime #1

3. SAN JOSE BRONCOS , Claude Giroux 31 (Brayden Point 47) at 0:42

Penalties :
No Penalty

Goalie Stats

Marcus Hogberg (KEL), 33 saves from 35 shots - (0,943), OTL, 21-8-3, 60:43 minutes
Jacob Markstrom (SJO), 24 saves from 25 shots - (0,960), W, 38-14-7, 60:43 minutes

Players Stats for KELOWNA ROCKETS

Player Name              G  A  P  +/- PIM S  H  SB GA TA FO     MP     PP MP  PK MP  
------------------------------------------------------------------------------------
Adam Fox                 0  0  0  -1  0   0  1  1  0  0  0/0    20:11   1:09   1:54 
Alexander Ovechkin       0  1  1  -1  0   6  2  0  0  0  0/1    21:46   1:21   1:52 
Anthony Cirelli          0  0  0   0  2   1  1  0  0  0  10/15  15:26   0:00   1:37 
Auston Matthews          0  0  0   0  0   3  2  0  0  0  13/21  20:34   1:08   0:58 
Dmitri Orlov             0  0  0   0  2   0  1  3  0  0  0/0    18:49   0:50   1:59 
Evgeny Kuznetsov         0  0  0  -1  0   4  0  0  0  0  11/23  19:24   0:51   0:00 
Ilya Kovalchuk           1  0  1   0  2   3  0  2  0  0  1/1    19:12   0:01   1:22 
Joakim Nordstrom         0  0  0   0  0   0  0  0  0  0  0/0     2:05   0:00   0:09 
Jordan Eberle            0  0  0   0  0   2  0  0  0  0  0/2    20:44   0:00   2:16 
Justin Holl              0  0  0   1  0   0  1  2  0  0  0/0    18:48   0:00   2:15 
Kristopher Letang        0  1  1   1  0   0  3  1  0  0  0/0    22:35   0:50   2:50 
Mark Giordano            0  0  0  -2  0   0  0  2  0  0  0/0    22:40   0:38   1:49 
Mikko Koivu              0  0  0   0  0   1  0  0  0  0  2/7     5:36   0:00   3:40 
Niklas Hjalmarsson       0  0  0   0  0   0  2  0  0  0  0/0    17:08   0:00   1:07 
Pavel Buchnevich         0  0  0   0  0   0  1  0  0  0  0/0    19:36   1:08   0:00 
Tyler Bertuzzi           0  0  0   0  0   4  0  0  0  0  0/1    14:58   1:08   0:00 
Vladimir Tarasenko       0  0  0   0  0   1  1  0  0  0  0/0    14:41   0:51   0:00 
Vladislav Kamenev        0  0  0   0  0   0  0  0  0  0  0/0     1:56   0:00   0:00 

Players Stats for SAN JOSE BRONCOS

Player Name              G  A  P  +/- PIM S  H  SB GA TA FO     MP     PP MP  PK MP  
------------------------------------------------------------------------------------
Adam Pelech              0  0  0   0  0   1  2  0  0  0  0/0    16:18   0:49   1:02 
Anthony Beauvillier      0  0  0   0  0   0  2  0  0  0  0/3    14:10   0:49   0:00 
Brayden Point            0  2  2   2  0   5  1  0  0  0  8/17   20:43   2:25   0:00 
Charlie Coyle            0  0  0   0  0   0  0  1  0  0  4/8     5:37   0:00   0:00 
Chris Tanev              0  0  0  -1  0   0  2  1  0  0  0/0    21:24   2:21   0:57 
Claude Giroux            1  0  1   1  0   6  0  0  0  0  0/2    20:40   3:32   1:02 
Connor Brown             0  0  0  -1  0   6  1  0  0  0  0/2    17:56   2:25   0:00 
Craig Smith              0  0  0   0  0   1  0  0  0  0  1/1    13:21   0:00   0:00 
David Kampf              0  0  0   0  0   1  0  0  0  0  0/0     5:37   0:00   0:00 
Elias Lindholm           0  0  0   1  0   3  3  0  0  0  1/1    20:00   2:25   0:00 
Evgeni Malkin            0  0  0  -1  0   2  0  0  0  0  13/20  20:00   3:32   0:57 
Hampus Lindholm          0  0  0   0  0   1  2  0  0  0  0/0    22:10   3:10   1:02 
Jaccob Slavin            1  0  1   1  0   1  0  2  0  0  0/0    24:06   2:47   0:57 
Marco Scandella          0  0  0   0  0   2  0  0  0  0  0/0    14:27   0:00   0:00 
Neal Pionk               0  1  1   1  2   0  0  1  0  0  0/0    22:17   2:47   0:00 
Nick Bonino              0  0  0   0  0   3  1  1  0  0  7/13   14:23   0:00   1:02 
Oliver Bjorkstrand       0  0  0   0  0   3  0  1  0  0  0/3    21:23   2:43   0:57 
Tyler Motte              0  0  0   0  0   0  1  0  0  0  0/1     5:37   0:00   0:00 

3 Stars

1 - Brayden Point (SJO)
2 - Marcus Hogberg (KEL)
3 - Jacob Markstrom (SJO)

Power Play

KELOWNA ROCKETS - 0 on 1 Attempt(s) - 0,00%
SAN JOSE BRONCOS - 0 on 3 Attempt(s) - 0,00%

Penalty Kill

KELOWNA ROCKETS - 3 on 3 Attempt(s) - 100,00% - Score 0 goal in Penalty Kill
SAN JOSE BRONCOS - 1 on 1 Attempt(s) - 100,00% - Score 0 goal in Penalty Kill

Team Stat

KELOWNA ROCKETS - Hits : 15 - Faceoff Wins : 37 - Blocked Shots : 11 - Penalty Minutes : 6
SAN JOSE BRONCOS - Hits : 15 - Faceoff Wins : 34 - Blocked Shots : 7 - Penalty Minutes : 2

Official

Referees : Conor O'Donnell and Dan Kelly
Linesman : Tony Sericolo and David Brisebois

Game Notes

No Game Note

Finance

Level 1 -- Attendance: 6000 (100,00%) -- Ticket Income 840 000 $
Level 2 -- Attendance: 4411 (88,22%) -- Ticket Income 489 621 $
Level 3 -- Attendance: 2000 (100,00%) -- Ticket Income 160 000 $
Level 4 -- Attendance: 4000 (100,00%) -- Ticket Income 160 000 $
Luxury Box -- Attendance: 861 (86,10%) -- Ticket Income 241 080 $
Total Attendance: 17272 (95,96%)
Total Ticket Income: 1 890 701 $
Other Expense: 18 907 $
Total Income: 1 871 794 $

KELOWNA ROCKETS

5 vs 5 Forward 
   Center                   Left Wing                Right Wing               Time % Phy DF OF 
 1 Evgeny Kuznetsov         Alexander Ovechkin       Ilya Kovalchuk           38     0   2  3  
 2 Auston Matthews          Pavel Buchnevich         Jordan Eberle            37     1   2  2  
 3 Anthony Cirelli          Tyler Bertuzzi           Vladimir Tarasenko       25     1   2  2  
 4 Mikko Koivu              Joakim Nordstrom         Vladislav Kamenev        0      1   2  2  

5 vs 5 Defense 
   Defense                  Defense                                           Time % Phy DF OF 
 1 Mark Giordano            Adam Fox                                          36     1   2  2  
 2 Justin Holl              Kristopher Letang                                 35     1   2  2  
 3 Dmitri Orlov             Niklas Hjalmarsson                                29     1   2  2  
 4 Mark Giordano            Kristopher Letang                                 0      1   2  2  

PowerPlay Forward 
   Center                   Left Wing                Right Wing               Time % Phy DF OF 
 1 Auston Matthews          Tyler Bertuzzi           Pavel Buchnevich         65     0   0  5  
 2 Evgeny Kuznetsov         Alexander Ovechkin       Vladimir Tarasenko       35     0   0  5  

PowerPlay Defense
   Defense                  Defense                                           Time % Phy DF OF 
 1 Alexander Ovechkin       Adam Fox                                          65     0   1  4  
 2 Dmitri Orlov             Kristopher Letang                                 35     0   2  3  

Penalty Kill 4 Players Forward 
   Center                   Wing                     Time % Phy DF OF 
 1 Anthony Cirelli          Jordan Eberle            60     1   3  1  
 2 Mikko Koivu              Ilya Kovalchuk           40     1   3  1  

Penalty Kill 4 Players Defense
   Defense                  Defense                  Time % Phy DF OF 
 1 Mark Giordano            Dmitri Orlov             55     1   2  2  
 2 Adam Fox                 Kristopher Letang        45     1   2  2  

Penalty Kill - 3 Players Forward 
   Forward                                           Time % Phy DF OF 
 1 Anthony Cirelli                                   55     1   4  0  
 2 Mikko Koivu                                       45     1   4  0  

Penalty Kill - 3 Players Defense
   Defense                  Defense                  Time % Phy DF OF 
 1 Mark Giordano            Dmitri Orlov             55     1   2  2  
 2 Adam Fox                 Kristopher Letang        45     1   2  2  

4 vs 4 Forward 
   Center                   Wing                     Time % Phy DF OF 
 1 Auston Matthews          Jordan Eberle            55     0   2  3  
 2 Anthony Cirelli          Alexander Ovechkin       45     0   2  3  

4 vs 4 Defense
   Defense                  Defense                  Time % Phy DF OF 
 1 Mark Giordano            Dmitri Orlov             55     1   2  2  
 2 Kristopher Letang        Adam Fox                 45     1   2  2  

Last Minutes Offensive
   Center                   Left Wing                Right Wing               Defense                  Defense                  
   Auston Matthews          Alexander Ovechkin       Jordan Eberle            Mark Giordano            Kristopher Letang        

Last Minutes Defensive
   Center                   Left Wing                Right Wing               Defense                  Defense                  
   Auston Matthews          Anthony Cirelli          Jordan Eberle            Mark Giordano            Kristopher Letang        

Goaltenders
Starting : Marcus Hogberg           
Backup : Pekka Rinne              

Extra Forwards
Normal : Alexander Ovechkin, Auston Matthews, Anthony Cirelli - PP : Ilya Kovalchuk, Vladimir Tarasenko - PK : Auston Matthews
Extra Defensemen
Normal : Mark Giordano, Adam Fox, Dmitri Orlov - PP : Mark Giordano - PK : Justin Holl, Niklas Hjalmarsson
Penalty Shots
Alexander Ovechkin, Auston Matthews, Evgeny Kuznetsov, Jordan Eberle, Ilya Kovalchuk
Custom OT Lines Forwards
Evgeny Kuznetsov, Alexander Ovechkin, Auston Matthews, Jordan Eberle, Anthony Cirelli, Pavel Buchnevich, Mikko Koivu, Ilya Kovalchuk, Tyler Bertuzzi, Vladimir Tarasenko
Custom OT Lines Defensemen
Mark Giordano, Kristopher Letang, Adam Fox, Dmitri Orlov, Justin Holl

Scratches
Jonas Siegenthaler (Healthy)

SAN JOSE BRONCOS

5 vs 5 Forward 
   Center                   Left Wing                Right Wing               Time % Phy DF OF 
 1 Brayden Point            Oliver Bjorkstrand       Elias Lindholm           36     1   2  2  
 2 Evgeni Malkin            Claude Giroux            Connor Brown             33     1   2  2  
 3 Nick Bonino              Anthony Beauvillier      Craig Smith              25     1   2  2  
 4 Charlie Coyle            Tyler Motte              David Kampf              6      1   2  2  

5 vs 5 Defense 
   Defense                  Defense                                           Time % Phy DF OF 
 1 Jaccob Slavin            Neal Pionk                                        40     1   2  2  
 2 Chris Tanev              Hampus Lindholm                                   35     1   2  2  
 3 Marco Scandella          Adam Pelech                                       25     1   2  2  
 4 Jaccob Slavin            Neal Pionk                                        0      1   2  2  

PowerPlay Forward 
   Center                   Left Wing                Right Wing               Time % Phy DF OF 
 1 Brayden Point            Elias Lindholm           Connor Brown             58     1   2  2  
 2 Evgeni Malkin            Claude Giroux            Oliver Bjorkstrand       42     1   2  2  

PowerPlay Defense
   Defense                  Defense                                           Time % Phy DF OF 
 1 Jaccob Slavin            Neal Pionk                                        58     1   2  2  
 2 Hampus Lindholm          Chris Tanev                                       42     1   2  2  

Penalty Kill 4 Players Forward 
   Center                   Wing                     Time % Phy DF OF 
 1 Evgeni Malkin            Oliver Bjorkstrand       50     1   2  2  
 2 Nick Bonino              Claude Giroux            50     1   2  2  

Penalty Kill 4 Players Defense
   Defense                  Defense                  Time % Phy DF OF 
 1 Jaccob Slavin            Chris Tanev              50     1   2  2  
 2 Adam Pelech              Hampus Lindholm          50     1   2  2  

Penalty Kill - 3 Players Forward 
   Forward                                           Time % Phy DF OF 
 1 Nick Bonino                                       50     1   2  2  
 2 Evgeni Malkin                                     50     1   2  2  

Penalty Kill - 3 Players Defense
   Defense                  Defense                  Time % Phy DF OF 
 1 Jaccob Slavin            Chris Tanev              55     1   2  2  
 2 Adam Pelech              Hampus Lindholm          45     1   2  2  

4 vs 4 Forward 
   Center                   Wing                     Time % Phy DF OF 
 1 Brayden Point            Claude Giroux            50     1   2  2  
 2 Elias Lindholm           Anthony Beauvillier      50     1   2  2  

4 vs 4 Defense
   Defense                  Defense                  Time % Phy DF OF 
 1 Chris Tanev              Hampus Lindholm          50     1   2  2  
 2 Marco Scandella          Jaccob Slavin            50     1   2  2  

Last Minutes Offensive
   Center                   Left Wing                Right Wing               Defense                  Defense                  
   Evgeni Malkin            Claude Giroux            Elias Lindholm           Jaccob Slavin            Neal Pionk               

Last Minutes Defensive
   Center                   Left Wing                Right Wing               Defense                  Defense                  
   Evgeni Malkin            Oliver Bjorkstrand       Connor Brown             Chris Tanev              Jaccob Slavin            

Goaltenders
Starting : Jacob Markstrom          
Backup : Robin Lehner             

Extra Forwards
Normal : Connor Brown, Elias Lindholm, Charlie Coyle - PP : Oliver Bjorkstrand, Anthony Beauvillier - PK : Charlie Coyle
Extra Defensemen
Normal : Chris Tanev, Neal Pionk, Hampus Lindholm - PP : Chris Tanev - PK : Chris Tanev, Marco Scandella
Penalty Shots
Evgeni Malkin, Brayden Point, Elias Lindholm, Claude Giroux, Oliver Bjorkstrand
Custom OT Lines Forwards
Brayden Point, Claude Giroux, Evgeni Malkin, Oliver Bjorkstrand, Elias Lindholm, Connor Brown, Nick Bonino, Craig Smith, Charlie Coyle, Anthony Beauvillier
Custom OT Lines Defensemen
Jaccob Slavin, Neal Pionk, Chris Tanev, Adam Pelech, Hampus Lindholm

Scratches
Mike Reilly (Healthy), Matt Irwin (Healthy)

% Time on Ice - KELOWNA ROCKETS

Lines # - Real PCT - Wanted PCT - Time Play
Normal Forward
1 - 34% - 38% - 17:50
2 - 35% - 37% - 18:28
3 - 27% - 25% - 13:50
4 - 4% - 0% - 1:56
Normal Defense
1 - 33% - 36% - 17:08
2 - 32% - 35% - 16:33
3 - 31% - 29% - 16:01
4 - 5% - 0% - 2:22
PP Forward
1 - 57% - 65% - 1:08
2 - 43% - 35% - 0:51
PP Defense
1 - 58% - 65% - 1:09
2 - 42% - 35% - 0:50
PK Forward
1 - 56% - 60% - 3:21
2 - 44% - 40% - 2:36
PK Defense
1 - 62% - 55% - 3:41
2 - 38% - 45% - 2:16
PK3 Forward
1 - 0% - 55%
2 - 0% - 45%
PK3 Defense
1 - 0% - 55%
2 - 0% - 45%
44 Forward
1 - 0% - 55%
2 - 0% - 45%
44 Defense
1 - 0% - 55%
2 - 0% - 45%
Last Minute Offensive  - 0:00
Last Minute Defensive  - 0:00
Total
Forward - 60:00
Defense - 60:00

% Time on Ice - SAN JOSE BRONCOS

Lines # - Real PCT - Wanted PCT - Time Play
Normal Forward
1 - 34% - 36% - 17:35
2 - 30% - 33% - 15:23
3 - 26% - 25% - 13:21
4 - 11% - 6% - 5:37
Normal Defense
1 - 38% - 40% - 19:31
2 - 35% - 35% - 17:58
3 - 28% - 25% - 14:27
4 - 0% - 0% - 0:00
PP Forward
1 - 41% - 58% - 2:25
2 - 59% - 42% - 3:32
PP Defense
1 - 47% - 58% - 2:47
2 - 53% - 42% - 3:10
PK Forward
1 - 48% - 50% - 0:57
2 - 52% - 50% - 1:02
PK Defense
1 - 48% - 50% - 0:57
2 - 52% - 50% - 1:02
PK3 Forward
1 - 0% - 50%
2 - 0% - 50%
PK3 Defense
1 - 0% - 55%
2 - 0% - 45%
44 Forward
1 - 0% - 50%
2 - 0% - 50%
44 Defense
1 - 0% - 50%
2 - 0% - 50%
Last Minute Offensive  - 0:00
Last Minute Defensive  - 0:08
Total
Forward - 60:00
Defense - 60:00

Play-by-Play

1st period


0:01 of 1st period - Brayden Point wins face-off versus Evgeny Kuznetsov in neutral zone.
0:27 of 1st period - Shot by Jaccob Slavin.
0:27 of 1st period - Goal by Jaccob Slavin - KELOWNA ROCKETS : 0 - SAN JOSE BRONCOS : 1.
0:28 of 1st period - Evgeni Malkin wins face-off versus Auston Matthews in neutral zone.
0:36 of 1st period - Connor Brown is hit by Kristopher Letang and loses puck.
0:59 of 1st period - Shot by Claude Giroux.
0:59 of 1st period - Shot Misses the Net.
1:03 of 1st period - Shot by Connor Brown.
1:03 of 1st period - Shot Misses the Net.
1:05 of 1st period - Shot by Evgeni Malkin.
1:05 of 1st period - Deflect By Claude Giroux.
1:05 of 1st period - Stopped by Marcus Hogberg without a rebound.
1:06 of 1st period - Anthony Cirelli wins face-off versus Nick Bonino in KELOWNA ROCKETS zone.
1:20 of 1st period - Nick Bonino is hit by Vladimir Tarasenko and loses puck.
2:46 of 1st period - Shot by Oliver Bjorkstrand.
2:46 of 1st period - Stopped by Marcus Hogberg with a rebound.
2:50 of 1st period - Shot by Elias Lindholm.
2:50 of 1st period - Deflect By Oliver Bjorkstrand.
2:50 of 1st period - Stopped by Marcus Hogberg without a rebound.
2:51 of 1st period - Evgeni Malkin wins face-off versus Jordan Eberle in KELOWNA ROCKETS zone.
2:56 of 1st period - Shot by Claude Giroux.
2:56 of 1st period - Shot Hit the Post.
2:58 of 1st period - Shot by Evgeni Malkin.
2:58 of 1st period - Shot Blocked by Kristopher Letang.
3:28 of 1st period - Shot by Connor Brown.
3:28 of 1st period - Stopped by Marcus Hogberg without a rebound.
3:29 of 1st period - Charlie Coyle wins face-off versus Anthony Cirelli in KELOWNA ROCKETS zone.
4:09 of 1st period - Minor Penalty to Anthony Cirelli for Tripping.
4:10 of 1st period - Auston Matthews wins face-off versus Connor Brown in KELOWNA ROCKETS zone.
4:10 of 1st period - Auston Matthews is hit by Elias Lindholm.
4:24 of 1st period - Shot by Brayden Point.
4:24 of 1st period - Stopped by Marcus Hogberg without a rebound.
4:25 of 1st period - Evgeni Malkin wins face-off versus Auston Matthews in KELOWNA ROCKETS zone.
5:20 of 1st period - Off-side.
5:21 of 1st period - Brayden Point wins face-off versus Mikko Koivu in neutral zone.
6:19 of 1st period - Shot by Tyler Bertuzzi.
6:19 of 1st period - Stopped by Jacob Markstrom without a rebound.
6:20 of 1st period - Auston Matthews wins face-off versus Tyler Motte in SAN JOSE BRONCOS zone.
6:25 of 1st period - Shot by Auston Matthews.
6:25 of 1st period - Stopped by Jacob Markstrom with a rebound.
6:39 of 1st period - Shot by Jordan Eberle.
6:39 of 1st period - Stopped by Jacob Markstrom without a rebound.
6:40 of 1st period - Anthony Cirelli wins face-off versus Nick Bonino in SAN JOSE BRONCOS zone.
6:44 of 1st period - Icing by Hampus Lindholm.
6:45 of 1st period - Evgeny Kuznetsov wins face-off versus Nick Bonino in SAN JOSE BRONCOS zone.
7:00 of 1st period - Shot by Alexander Ovechkin.
7:00 of 1st period - Stopped by Jacob Markstrom without a rebound.
7:01 of 1st period - Elias Lindholm wins face-off versus Auston Matthews in SAN JOSE BRONCOS zone.
7:18 of 1st period - Shot by Auston Matthews.
7:18 of 1st period - Shot Blocked by Oliver Bjorkstrand.
7:32 of 1st period - Shot by Elias Lindholm.
7:32 of 1st period - Shot Blocked by Mark Giordano.
7:34 of 1st period - Shot by Oliver Bjorkstrand.
7:34 of 1st period - Shot Misses the Net.
7:36 of 1st period - Shot by Brayden Point.
7:36 of 1st period - Shot Misses the Net.
8:16 of 1st period - Shot by Claude Giroux.
8:16 of 1st period - Shot Blocked by Justin Holl.
8:24 of 1st period - Shot by Claude Giroux.
8:24 of 1st period - Stopped by Marcus Hogberg without a rebound.
8:25 of 1st period - Nick Bonino wins face-off versus Tyler Bertuzzi in KELOWNA ROCKETS zone.
8:25 of 1st period - Nick Bonino is hit by Niklas Hjalmarsson.
9:13 of 1st period - Icing by Adam Pelech.
9:14 of 1st period - Evgeny Kuznetsov wins face-off versus Anthony Beauvillier in SAN JOSE BRONCOS zone.
10:51 of 1st period - Icing by Mark Giordano.
10:52 of 1st period - Brayden Point wins face-off versus Auston Matthews in KELOWNA ROCKETS zone.
10:53 of 1st period - Shot by Elias Lindholm.
10:53 of 1st period - Shot Misses the Net.
11:03 of 1st period - Shot by Brayden Point.
11:03 of 1st period - Stopped by Marcus Hogberg without a rebound.
11:04 of 1st period - Anthony Cirelli wins face-off versus Brayden Point in KELOWNA ROCKETS zone.
11:15 of 1st period - Shot by Vladimir Tarasenko.
11:15 of 1st period - Stopped by Jacob Markstrom with a rebound.
11:21 of 1st period - Shot by Tyler Bertuzzi.
11:21 of 1st period - Deflect By Anthony Cirelli.
11:21 of 1st period - Shot Misses the Net.
12:01 of 1st period - Brayden Point is hit by Auston Matthews and loses puck.
12:40 of 1st period - Shot by Jordan Eberle.
12:40 of 1st period - Deflect By Auston Matthews.
12:40 of 1st period - Stopped by Jacob Markstrom without a rebound.
12:41 of 1st period - Evgeny Kuznetsov wins face-off versus Charlie Coyle in SAN JOSE BRONCOS zone.
13:41 of 1st period - Shot by Evgeni Malkin.
13:41 of 1st period - Shot Misses the Net.
13:51 of 1st period - Shot by Evgeni Malkin.
13:51 of 1st period - Shot Misses the Net.
14:12 of 1st period - Shot by Evgeni Malkin.
14:12 of 1st period - Stopped by Marcus Hogberg with a rebound.
15:56 of 1st period - Shot by Elias Lindholm.
15:56 of 1st period - Shot Blocked by Dmitri Orlov.
16:04 of 1st period - Shot by Oliver Bjorkstrand.
16:04 of 1st period - Shot Misses the Net.
16:30 of 1st period - Shot by Elias Lindholm.
16:30 of 1st period - Deflect By Oliver Bjorkstrand.
16:30 of 1st period - Shot Misses the Net.
16:50 of 1st period - Shot by Evgeni Malkin.
16:50 of 1st period - Shot Misses the Net.
16:52 of 1st period - Shot by Hampus Lindholm.
16:52 of 1st period - Stopped by Marcus Hogberg with a rebound.
16:54 of 1st period - Shot by Connor Brown.
16:54 of 1st period - Stopped by Marcus Hogberg without a rebound.
16:55 of 1st period - Auston Matthews wins face-off versus Charlie Coyle in KELOWNA ROCKETS zone.
17:20 of 1st period - Shot by David Kampf.
17:20 of 1st period - Stopped by Marcus Hogberg without a rebound.
17:21 of 1st period - Mikko Koivu wins face-off versus Evgeni Malkin in KELOWNA ROCKETS zone.
18:08 of 1st period - Off-side.
18:09 of 1st period - Brayden Point wins face-off versus Evgeny Kuznetsov in neutral zone.
18:29 of 1st period - Shot by Brayden Point.
18:29 of 1st period - Shot Blocked by Ilya Kovalchuk.
18:33 of 1st period - Shot by Elias Lindholm.
18:33 of 1st period - Stopped by Marcus Hogberg without a rebound.
18:34 of 1st period - Auston Matthews wins face-off versus Nick Bonino in KELOWNA ROCKETS zone.
Goals for this period are 0 for KELOWNA ROCKETS vs 1 for SAN JOSE BRONCOS.
Shots for this period are 6 for KELOWNA ROCKETS vs 13 for SAN JOSE BRONCOS.

2nd period


0:01 of 2nd period - Evgeny Kuznetsov wins face-off versus Evgeni Malkin in neutral zone.
0:30 of 2nd period - Shot by Alexander Ovechkin.
0:30 of 2nd period - Stopped by Jacob Markstrom without a rebound.
0:31 of 2nd period - Auston Matthews wins face-off versus Brayden Point in SAN JOSE BRONCOS zone.
0:57 of 2nd period - Shot by Brayden Point.
0:57 of 2nd period - Stopped by Marcus Hogberg without a rebound.
0:58 of 2nd period - Evgeni Malkin wins face-off versus Evgeny Kuznetsov in KELOWNA ROCKETS zone.
1:19 of 2nd period - Shot by Alexander Ovechkin.
1:19 of 2nd period - Stopped by Jacob Markstrom without a rebound.
1:20 of 2nd period - Auston Matthews wins face-off versus Oliver Bjorkstrand in SAN JOSE BRONCOS zone.
1:21 of 2nd period - Shot by Jordan Eberle.
1:21 of 2nd period - Shot Blocked by Neal Pionk.
1:23 of 2nd period - Shot by Jordan Eberle.
1:23 of 2nd period - Stopped by Jacob Markstrom without a rebound.
1:24 of 2nd period - Evgeny Kuznetsov wins face-off versus Brayden Point in SAN JOSE BRONCOS zone.
4:26 of 2nd period - Dmitri Orlov is hit by Anthony Beauvillier and loses puck.
4:47 of 2nd period - Tyler Bertuzzi is hit by Adam Pelech and loses puck.
5:16 of 2nd period - Minor Penalty to Dmitri Orlov for Hooking.
5:17 of 2nd period - Evgeni Malkin wins face-off versus Mikko Koivu in KELOWNA ROCKETS zone.
5:18 of 2nd period - Shot by Claude Giroux.
5:18 of 2nd period - Shot Blocked by Justin Holl.
5:20 of 2nd period - Shot by Evgeni Malkin.
5:20 of 2nd period - Shot Blocked by Ilya Kovalchuk.
6:32 of 2nd period - Shot by Elias Lindholm.
6:32 of 2nd period - Deflect By Connor Brown.
6:32 of 2nd period - Stopped by Marcus Hogberg without a rebound.
6:33 of 2nd period - Anthony Cirelli wins face-off versus Brayden Point in KELOWNA ROCKETS zone.
6:33 of 2nd period - Anthony Cirelli is hit by Brayden Point.
6:44 of 2nd period - Off-side.
6:45 of 2nd period - Anthony Cirelli wins face-off versus Evgeni Malkin in neutral zone.
7:24 of 2nd period - Shot by Evgeny Kuznetsov.
7:24 of 2nd period - Stopped by Jacob Markstrom without a rebound.
7:25 of 2nd period - Charlie Coyle wins face-off versus Evgeny Kuznetsov in SAN JOSE BRONCOS zone.
7:25 of 2nd period - Charlie Coyle is hit by Alexander Ovechkin.
7:57 of 2nd period - Shot by Evgeny Kuznetsov.
7:57 of 2nd period - Stopped by Jacob Markstrom without a rebound.
7:58 of 2nd period - Evgeni Malkin wins face-off versus Mikko Koivu in SAN JOSE BRONCOS zone.
8:12 of 2nd period - Connor Brown is hit by Justin Holl and loses puck.
8:27 of 2nd period - Shot by Evgeni Malkin.
8:27 of 2nd period - Shot Misses the Net.
8:30 of 2nd period - Connor Brown is hit by Kristopher Letang and loses puck.
8:35 of 2nd period - Shot by Claude Giroux.
8:35 of 2nd period - Stopped by Marcus Hogberg without a rebound.
8:36 of 2nd period - Auston Matthews wins face-off versus Brayden Point in KELOWNA ROCKETS zone.
8:44 of 2nd period - Brayden Point is hit by Dmitri Orlov and loses puck.
8:55 of 2nd period - Chris Tanev is hit by Pavel Buchnevich and loses puck.
9:02 of 2nd period - Niklas Hjalmarsson is hit by Elias Lindholm and loses puck.
9:19 of 2nd period - Shot by Oliver Bjorkstrand.
9:19 of 2nd period - Deflect By Brayden Point.
9:19 of 2nd period - Stopped by Marcus Hogberg without a rebound.
9:20 of 2nd period - Evgeny Kuznetsov wins face-off versus Connor Brown in KELOWNA ROCKETS zone.
9:20 of 2nd period - Evgeny Kuznetsov is hit by Connor Brown.
9:38 of 2nd period - Shot by Alexander Ovechkin.
9:38 of 2nd period - Deflect By Evgeny Kuznetsov.
9:38 of 2nd period - Stopped by Jacob Markstrom without a rebound.
9:39 of 2nd period - Anthony Cirelli wins face-off versus Nick Bonino in SAN JOSE BRONCOS zone.
9:39 of 2nd period - Anthony Cirelli is hit by Adam Pelech.
10:11 of 2nd period - Shot by Kristopher Letang.
10:11 of 2nd period - Shot Misses the Net.
10:13 of 2nd period - Shot by Anthony Cirelli.
10:13 of 2nd period - Shot Misses the Net.
10:19 of 2nd period - Shot by Vladimir Tarasenko.
10:19 of 2nd period - Shot Blocked by Nick Bonino.
10:42 of 2nd period - Icing by Mark Giordano.
10:43 of 2nd period - Evgeny Kuznetsov wins face-off versus Brayden Point in KELOWNA ROCKETS zone.
11:28 of 2nd period - Shot by Evgeny Kuznetsov.
11:28 of 2nd period - Shot Misses the Net.
11:51 of 2nd period - Shot by Jordan Eberle.
11:51 of 2nd period - Shot Misses the Net.
11:53 of 2nd period - Shot by Auston Matthews.
11:53 of 2nd period - Shot Misses the Net.
11:55 of 2nd period - Shot by Auston Matthews.
11:55 of 2nd period - Stopped by Jacob Markstrom without a rebound.
11:56 of 2nd period - Evgeni Malkin wins face-off versus Anthony Cirelli in SAN JOSE BRONCOS zone.
12:27 of 2nd period - Shot by Tyler Bertuzzi.
12:27 of 2nd period - Stopped by Jacob Markstrom with a rebound.
12:37 of 2nd period - Shot by Connor Brown.
12:37 of 2nd period - Stopped by Marcus Hogberg without a rebound.
12:38 of 2nd period - Nick Bonino wins face-off versus Alexander Ovechkin in KELOWNA ROCKETS zone.
13:03 of 2nd period - Shot by Alexander Ovechkin.
13:03 of 2nd period - Deflect By Evgeny Kuznetsov.
13:03 of 2nd period - Stopped by Jacob Markstrom with a rebound.
13:23 of 2nd period - Shot by Ilya Kovalchuk.
13:23 of 2nd period - Stopped by Jacob Markstrom without a rebound.
13:24 of 2nd period - Auston Matthews wins face-off versus Evgeni Malkin in SAN JOSE BRONCOS zone.
13:38 of 2nd period - Evgeni Malkin is hit by Adam Fox and loses puck.
14:41 of 2nd period - Shot by Anthony Cirelli.
14:41 of 2nd period - Deflect By Tyler Bertuzzi.
14:41 of 2nd period - Shot Misses the Net.
14:43 of 2nd period - Shot by Anthony Cirelli.
14:43 of 2nd period - Stopped by Jacob Markstrom with a rebound.
14:45 of 2nd period - Shot by Anthony Cirelli.
14:45 of 2nd period - Shot Blocked by Chris Tanev.
15:18 of 2nd period - Oliver Bjorkstrand is hit by Kristopher Letang.
16:23 of 2nd period - Icing by Dmitri Orlov.
16:24 of 2nd period - Evgeni Malkin wins face-off versus Evgeny Kuznetsov in KELOWNA ROCKETS zone.
17:00 of 2nd period - Icing by Niklas Hjalmarsson.
17:01 of 2nd period - Ilya Kovalchuk wins face-off versus Brayden Point in KELOWNA ROCKETS zone.
17:32 of 2nd period - Shot by Brayden Point.
17:32 of 2nd period - Shot Blocked by Dmitri Orlov.
17:47 of 2nd period - Icing by Hampus Lindholm.
17:48 of 2nd period - Auston Matthews wins face-off versus Brayden Point in SAN JOSE BRONCOS zone.
18:31 of 2nd period - Icing by Adam Fox.
18:32 of 2nd period - Nick Bonino wins face-off versus Auston Matthews in KELOWNA ROCKETS zone.
18:37 of 2nd period - Shot by Anthony Beauvillier.
18:37 of 2nd period - Shot Misses the Net.
18:56 of 2nd period - Icing by Adam Pelech.
18:57 of 2nd period - Anthony Cirelli wins face-off versus Nick Bonino in SAN JOSE BRONCOS zone.
19:10 of 2nd period - Shot by Craig Smith.
19:10 of 2nd period - Shot Misses the Net.
19:48 of 2nd period - Minor Penalty to Neal Pionk for Hooking.
19:49 of 2nd period - Auston Matthews wins face-off versus Oliver Bjorkstrand in SAN JOSE BRONCOS zone.
19:56 of 2nd period - Shot by Auston Matthews.
19:56 of 2nd period - Shot Blocked by Jaccob Slavin.
19:58 of 2nd period - Shot by Alexander Ovechkin.
19:58 of 2nd period - Stopped by Jacob Markstrom without a rebound.
19:59 of 2nd period - Evgeni Malkin wins face-off versus Evgeny Kuznetsov in SAN JOSE BRONCOS zone.
Goals for this period are 0 for KELOWNA ROCKETS vs 0 for SAN JOSE BRONCOS.
Shots for this period are 12 for KELOWNA ROCKETS vs 5 for SAN JOSE BRONCOS.

3rd period


0:01 of 3rd period - Auston Matthews wins face-off versus Claude Giroux in neutral zone.
0:19 of 3rd period - Shot by Alexander Ovechkin.
0:19 of 3rd period - Stopped by Jacob Markstrom without a rebound.
0:20 of 3rd period - Nick Bonino wins face-off versus Evgeny Kuznetsov in SAN JOSE BRONCOS zone.
1:50 of 3rd period - Shot by Mikko Koivu.
1:50 of 3rd period - Shot Blocked by Charlie Coyle.
1:54 of 3rd period - Shot by Mikko Koivu.
1:54 of 3rd period - Stopped by Jacob Markstrom without a rebound.
1:55 of 3rd period - Brayden Point wins face-off versus Mikko Koivu in SAN JOSE BRONCOS zone.
2:12 of 3rd period - Shot by Oliver Bjorkstrand.
2:12 of 3rd period - Shot Blocked by Dmitri Orlov.
2:14 of 3rd period - Shot by Elias Lindholm.
2:14 of 3rd period - Stopped by Marcus Hogberg without a rebound.
2:15 of 3rd period - Charlie Coyle wins face-off versus Evgeny Kuznetsov in KELOWNA ROCKETS zone.
2:30 of 3rd period - Shot by Alexander Ovechkin.
2:30 of 3rd period - Stopped by Jacob Markstrom without a rebound.
2:31 of 3rd period - Evgeni Malkin wins face-off versus Auston Matthews in SAN JOSE BRONCOS zone.
2:38 of 3rd period - Shot by Pavel Buchnevich.
2:38 of 3rd period - Shot Misses the Net.
2:48 of 3rd period - Shot by Claude Giroux.
2:48 of 3rd period - Stopped by Marcus Hogberg with a rebound.
2:50 of 3rd period - Shot by Jaccob Slavin.
2:50 of 3rd period - Shot Blocked by Mark Giordano.
2:59 of 3rd period - Off-side.
3:00 of 3rd period - Evgeny Kuznetsov wins face-off versus Oliver Bjorkstrand in neutral zone.
4:13 of 3rd period - Shot by Auston Matthews.
4:13 of 3rd period - Shot Blocked by Jaccob Slavin.
4:15 of 3rd period - Shot by Auston Matthews.
4:15 of 3rd period - Shot Misses the Net.
4:17 of 3rd period - Shot by Pavel Buchnevich.
4:17 of 3rd period - Shot Misses the Net.
5:27 of 3rd period - Shot by Nick Bonino.
5:27 of 3rd period - Stopped by Marcus Hogberg with a rebound.
5:29 of 3rd period - Shot by Adam Pelech.
5:29 of 3rd period - Stopped by Marcus Hogberg without a rebound.
5:30 of 3rd period - Evgeny Kuznetsov wins face-off versus Charlie Coyle in KELOWNA ROCKETS zone.
5:30 of 3rd period - Evgeny Kuznetsov is hit by Tyler Motte.
5:43 of 3rd period - Icing by Chris Tanev.
5:44 of 3rd period - Charlie Coyle wins face-off versus Jordan Eberle in SAN JOSE BRONCOS zone.
5:57 of 3rd period - Pavel Buchnevich is hit by Chris Tanev and loses puck.
6:52 of 3rd period - Shot by Elias Lindholm.
6:52 of 3rd period - Stopped by Marcus Hogberg with a rebound.
6:54 of 3rd period - Shot by Oliver Bjorkstrand.
6:54 of 3rd period - Shot Misses the Net.
7:06 of 3rd period - Shot by Oliver Bjorkstrand.
7:06 of 3rd period - Shot Misses the Net.
7:23 of 3rd period - Minor Penalty to Ilya Kovalchuk for High sticking.
7:24 of 3rd period - Evgeni Malkin wins face-off versus Mikko Koivu in KELOWNA ROCKETS zone.
7:31 of 3rd period - Shot by Claude Giroux.
7:31 of 3rd period - Shot Misses the Net.
8:21 of 3rd period - Shot by Neal Pionk.
8:21 of 3rd period - Shot Misses the Net.
8:23 of 3rd period - Shot by Connor Brown.
8:23 of 3rd period - Stopped by Marcus Hogberg with a rebound.
8:49 of 3rd period - Icing by Claude Giroux.
8:50 of 3rd period - Evgeni Malkin wins face-off versus Anthony Cirelli in SAN JOSE BRONCOS zone.
9:14 of 3rd period - Shot by Claude Giroux.
9:14 of 3rd period - Deflect By Evgeni Malkin.
9:14 of 3rd period - Stopped by Marcus Hogberg with a rebound.
10:34 of 3rd period - Shot by Oliver Bjorkstrand.
10:34 of 3rd period - Stopped by Marcus Hogberg without a rebound.
10:35 of 3rd period - Nick Bonino wins face-off versus Auston Matthews in KELOWNA ROCKETS zone.
10:38 of 3rd period - Shot by Craig Smith.
10:38 of 3rd period - Stopped by Marcus Hogberg with a rebound.
10:40 of 3rd period - Shot by Nick Bonino.
10:40 of 3rd period - Stopped by Marcus Hogberg without a rebound.
10:41 of 3rd period - Evgeni Malkin wins face-off versus Auston Matthews in KELOWNA ROCKETS zone.
11:08 of 3rd period - Shot by Claude Giroux.
11:08 of 3rd period - Shot Misses the Net.
11:10 of 3rd period - Shot by Marco Scandella.
11:10 of 3rd period - Stopped by Marcus Hogberg without a rebound.
11:11 of 3rd period - Brayden Point wins face-off versus Anthony Cirelli in KELOWNA ROCKETS zone.
11:12 of 3rd period - Shot by Oliver Bjorkstrand.
11:12 of 3rd period - Shot Hit the Post.
12:08 of 3rd period - Elias Lindholm is hit by Niklas Hjalmarsson and loses puck.
12:38 of 3rd period - Shot by Ilya Kovalchuk.
12:38 of 3rd period - Shot Misses the Net.
13:13 of 3rd period - Oliver Bjorkstrand is hit by Auston Matthews and loses puck.
13:18 of 3rd period - Kristopher Letang is hit by Elias Lindholm and loses puck.
14:13 of 3rd period - Shot by Claude Giroux.
14:13 of 3rd period - Stopped by Marcus Hogberg without a rebound.
14:14 of 3rd period - Mikko Koivu wins face-off versus Anthony Beauvillier in KELOWNA ROCKETS zone.
14:14 of 3rd period - Dmitri Orlov is hit by Anthony Beauvillier and loses puck.
14:21 of 3rd period - Shot by Nick Bonino.
14:21 of 3rd period - Stopped by Marcus Hogberg without a rebound.
14:22 of 3rd period - Nick Bonino wins face-off versus Evgeny Kuznetsov in KELOWNA ROCKETS zone.
14:23 of 3rd period - Shot by Craig Smith.
14:23 of 3rd period - Shot Misses the Net.
14:25 of 3rd period - Shot by Marco Scandella.
14:25 of 3rd period - Stopped by Marcus Hogberg without a rebound.
14:26 of 3rd period - Craig Smith wins face-off versus Evgeny Kuznetsov in KELOWNA ROCKETS zone.
15:42 of 3rd period - Shot by Connor Brown.
15:42 of 3rd period - Stopped by Marcus Hogberg without a rebound.
15:43 of 3rd period - Anthony Cirelli wins face-off versus Charlie Coyle in KELOWNA ROCKETS zone.
15:48 of 3rd period - Jaccob Slavin is hit by Anthony Cirelli and loses puck.
15:57 of 3rd period - Shot by Tyler Bertuzzi.
15:57 of 3rd period - Stopped by Jacob Markstrom with a rebound.
16:05 of 3rd period - Shot by Tyler Bertuzzi.
16:05 of 3rd period - Stopped by Jacob Markstrom without a rebound.
16:06 of 3rd period - Auston Matthews wins face-off versus Evgeni Malkin in SAN JOSE BRONCOS zone.
16:06 of 3rd period - Auston Matthews is hit by Hampus Lindholm.
17:01 of 3rd period - Off-side.
17:02 of 3rd period - Brayden Point wins face-off versus Evgeny Kuznetsov in neutral zone.
17:05 of 3rd period - Shot by Brayden Point.
17:05 of 3rd period - Stopped by Marcus Hogberg with a rebound.
17:35 of 3rd period - Jaccob Slavin is hit by Alexander Ovechkin and loses puck.
17:48 of 3rd period - Shot by Ilya Kovalchuk.
17:48 of 3rd period - Stopped by Jacob Markstrom without a rebound.
17:49 of 3rd period - Nick Bonino wins face-off versus Anthony Cirelli in SAN JOSE BRONCOS zone.
17:57 of 3rd period - Icing by Mark Giordano.
17:58 of 3rd period - Anthony Cirelli wins face-off versus Evgeni Malkin in KELOWNA ROCKETS zone.
18:06 of 3rd period - Shot by Evgeni Malkin.
18:06 of 3rd period - Shot Blocked by Adam Fox.
18:51 of 3rd period - Icing by Anthony Cirelli.
18:52 of 3rd period - Anthony Cirelli wins face-off versus Brayden Point in KELOWNA ROCKETS zone.
18:56 of 3rd period - Off-side.
18:57 of 3rd period - Brayden Point wins face-off versus Evgeny Kuznetsov in neutral zone.
19:11 of 3rd period - Icing by Kristopher Letang.
19:12 of 3rd period - Evgeny Kuznetsov wins face-off versus Evgeni Malkin in KELOWNA ROCKETS zone.
19:19 of 3rd period - KELOWNA ROCKETS, Marcus Hogberg is pulled from the net.
19:19 of 3rd period - Shot by Alexander Ovechkin.
19:19 of 3rd period - Deflect By Ilya Kovalchuk.
19:19 of 3rd period - Goal by Ilya Kovalchuk - KELOWNA ROCKETS : 1 - SAN JOSE BRONCOS : 1.
19:19 of 3rd period - Marcus Hogberg from KELOWNA ROCKETS was sent back in the game.
19:20 of 3rd period - Auston Matthews wins face-off versus Anthony Beauvillier in neutral zone.
19:20 of 3rd period - Jordan Eberle is hit by Nick Bonino and loses puck.
19:28 of 3rd period - Jordan Eberle is hit by Chris Tanev and loses puck.
19:40 of 3rd period - Jordan Eberle is hit by Hampus Lindholm and loses puck.
Goals for this period are 1 for KELOWNA ROCKETS vs 0 for SAN JOSE BRONCOS.
Shots for this period are 7 for KELOWNA ROCKETS vs 16 for SAN JOSE BRONCOS.

Overtime #1


0:01 of 1st overtime period - Evgeny Kuznetsov wins face-off versus Claude Giroux in neutral zone.
0:20 of 1st overtime period - Shot by Brayden Point.
0:20 of 1st overtime period - Shot Misses the Net.
0:42 of 1st overtime period - Shot by Claude Giroux.
0:42 of 1st overtime period - Goal by Claude Giroux - KELOWNA ROCKETS : 1 - SAN JOSE BRONCOS : 2.
Goals for this period are 0 for KELOWNA ROCKETS vs 1 for SAN JOSE BRONCOS.
Shots for this period are 0 for KELOWNA ROCKETS vs 1 for SAN JOSE BRONCOS.


JUUSE
SAROS
BRANDON
CARLO
MARTIN
NECAS

EAST COAST

HOCKEY LEAGUE